AoeStats
← Blazing Cartesia, The Virtuous

Arabia

507655315Analyzed
1v1 RM · 13d ago on Sep 19, 2026· 30m 30s· 2 players
Game mode
Random Map
Map size
Tiny (2 player)
Population
200
Speed
Normal
Resources
Standard
Victory
Conquest
Starting age
Dark Age
Ending age
Imperial Age
RankedLock teamsTeams togetherTeam positionsShared explorationLock speedFull tech treeHidden civsTurbo modeCheats
Victory
Defeat
🇨🇳 Franks · China
1095
+18
1133
-18
happiness
5:59 Loom
10:02 Feudal Age
10:57 Double-Bit Axe
20:13 Castle Age
19:55 Forging
19:53 Scale Barding Armor
25:42 Chain Barding Armor
29:38 Wheelbarrow
31:27 Iron Casting
Blazing Cartesia, The Virtuous
6:30 Loom
10:09 Feudal Age
10:45 Double-Bit Axe
11:58 Fletching
24:07 Castle Age
22:39 Scale Mail Armor
24:13 Forging
24:23 Bloodlines
24:18 Horse Collar
24:51 Gold Mining
Connection lost

Rejoining the realm…

Still unreachable

The connection could not be restored.

Session expired

The server has moved on; the page needs a fresh start.